Get step-by-step instructions on how to execute this build order below. Start the game timer, and the build order will tick by so you can play in parallel with StarCraft on a second screen or mobile device.

Game Time

  0:00

Last Step

  N/A

Next Step

Upcoming Step



Don't want to look back and forth between 2 screens? Try out our Overwolf App, the Spawning Tool Build Advisor to get an in-game overlay with this build!

Complete Build Order

  12  0:01  Drone  
  13  0:08  Drone  
  14  0:18  Overlord  
  14  0:36  Drone  
  14  0:37  Drone x2  
  17  0:55  Drone  
  18  0:57  Hatchery  
  17  1:10  Drone x2  
  19  1:14  Extractor  
  18  1:19  Spawning Pool  
  18  1:23  Drone  
  18  1:31  Drone  
  19  1:47  Drone  
  19  1:52  Drone  
  21  2:08  Queen  
  21  2:14  Zergling x6  
  26  2:18  Queen  
  26  2:20  Overlord  
  28  2:33  Metabolic Boost  
  28  2:41  Drone x4  
  32  2:45  Roach Warren  
  32  2:49  Queen  
  33  3:04  Queen  
  35  3:06  Drone  
  35  3:10  Overlord x3  
  36  3:22  Overlord x3  
  36  3:35  Lair  
  36  3:38  Zergling x10  
  41  3:43  Queen  
  43  3:55  Spore Crawler  
  42  3:56  Spore Crawler  
  41  4:03  Roach x3  
  41  4:04  Roach  
  41  4:08  Drone x3  
  52  4:20  Drone  
  52  4:22  Queen  
  55  4:26  Drone x4  
  59  4:47  Roach x3  
  59  4:50  Hatchery  
  59  4:52  Glial Reconstitution  
  60  5:08  Roach x2  
  64  5:18  Drone  
  64  5:19  Overlord x3  
  65  5:22  Extractor  
  65  5:24  Extractor  
  65  5:25  Extractor  
  62  5:32  Zergling x12  
  62  5:33  Zergling x2  
  69  5:40  Drone x2  
  69  5:41  Drone  
  69  5:42  Drone x3  
  75  5:54  Drone x3  
  78  6:04  Roach x2  
  78  6:05  Roach  
  84  6:14  Evolution Chamber  
  83  6:23  Zergling x4, Infestation Pit  
  83  6:24  Zergling x12  
  90  6:31  Drone x2  
  92  6:38  Drone x3  
  95  6:43  Drone x3  
  95  6:46  Zergling x8  
  102  6:57  Drone x2  
  102  6:58  Drone  
  102  6:59  Extractor  
  104  7:03  Overlord x2  
  104  7:07  Zerg Melee Weapons Level 1, Extractor  
  103  7:11  Zergling x8  
  103  7:12  Zergling x6  
  110  7:24  Overlord x2  
  110  7:25  Overlord  
  110  7:35  Spire  
  109  7:43  Roach  
  113  7:44  Roach x11  
  113  7:45  Roach  
  135  7:54  Hydralisk Den  
  122  8:08  Roach x8  
  121  8:19  Zergling x2  
  115  8:20  Zergling x14  
  102  8:38  Zergling x12  
  102  8:39  Zergling x8  
  64  9:07  Mutalisk x8  
  80  9:16  Drone x4  
  80  9:17  Drone  
  85  9:28  Zergling x2  
  85  9:29  Zergling x10  
  91  9:33  Grooved Spines  
  91  9:35  Overlord  
  50  10:12  Hydralisk x10